AoeStats
← djcybermyth

Fortress

508993427Analyzed
4v4 RM · 6d ago on Sep 25, 2026· 53m 49s· 8 players
Game mode
Random Map
Map size
Huge
Population
200
Speed
Normal
Resources
Standard
Victory
Conquest
Starting age
Dark Age
Ending age
Imperial Age
RankedLock teamsTeams togetherTeam positionsShared explorationLock speedFull tech treeHidden civsTurbo modeCheats
Victory
Defeat
🇧🇷 Celts · Brazil
907
+12
🇧🇷 Persians · Brazil
745
+18
🇦🇷 Bohemians · Argentina
734
+19
🇧🇷 Saxons · Brazil
662
+21
🇺🇸 Turks · United States
828
-19
🇺🇸 Danes · United States
809
-18
🇺🇸 Burmese · United States
794
-17
🇺🇸 Varangians · United States
764
-16
bibizin008
0:39 Loom
9:30 Feudal Age
10:50 Horse Collar
10:57 Double-Bit Axe
17:50 Castle Age
21:40 Bow Saw
23:14 Wheelbarrow
22:24 Town Watch
24:14 Heavy Plow
25:11 Forging
25:03 Scale Mail Armor
28:24 Gold Mining
28:24 Stone Mining
33:33 Imperial Age
33:41 Elite Varangian Guard
35:02 Iron Casting
34:33 Scale Barding Armor
34:54 Chain Mail Armor
35:31 Crop Rotation
39:12 Onager
39:16 Capped Ram
44:05 Siege Ram
Vila23
7:29 Feudal Age
8:16 Double-Bit Axe
8:14 Horse Collar
13:54 Castle Age
12:56 Gold Mining
23:40 Wheelbarrow
22:33 Pikeman
29:02 Imperial Age
26:48 Hand Cart
26:59 Scale Mail Armor
27:00 Padded Archer Armor
26:50 Fletching
27:11 Forging
29:53 Capped Ram
30:02 Pikeman
31:25 Chain Mail Armor
31:26 Leather Archer Armor
31:07 Bodkin Arrow
31:47 Iron Casting
31:31 Caravan
31:34 Heavy Scorpion
32:42 Conscription
32:53 Bow Saw
32:55 Heavy Plow
33:19 Siege Ram
33:30 Halberdier
35:01 Plate Mail Armor
34:40 Scale Barding Armor
37:01 Chemistry
37:37 Elite Woad Raider
43:29 Furor Celtica
43:29 Siege Engineers
43:45 Ballistics
43:21 Murder Holes
MatiasBernal758
0:32 Loom
7:51 Feudal Age
8:47 Double-Bit Axe
15:18 Castle Age
17:06 Bow Saw
16:45 Horse Collar
18:36 Wheelbarrow
25:27 Town Watch
27:21 Heavy Plow
28:38 Hand Cart
33:04 Imperial Age
30:06 Pikeman
30:46 Squires
30:32 Arson
31:10 Caravan
33:31 Chemistry
32:42 Fortified Wall
33:07 Town Patrol
35:20 Two-Man Saw
36:04 Halberdier
36:44 Elite Skirmisher
40:41 Scale Barding Armor
40:37 Scale Mail Armor
40:37 Padded Archer Armor
40:27 Fletching
40:48 Forging
40:03 Houfnice
47:27 Bombard Tower
47:03 Murder Holes
47:34 Chain Barding Armor
47:29 Chain Mail Armor
47:29 Leather Archer Armor
47:09 Bodkin Arrow
47:50 Iron Casting
51:59 Plate Mail Armor
51:59 Ring Archer Armor
51:30 Bracer
54:54 Blast Furnace
54:34 Wagenburg Tactics
ALISON
9:04 Feudal Age
12:01 Double-Bit Axe
12:00 Horse Collar
15:12 Castle Age
16:20 Wheelbarrow
16:27 Stone Mining
16:29 Gold Mining
18:53 Bow Saw
22:20 Gold Shaft Mining
23:20 Heavy Plow
24:08 Caravan
25:03 Hand Cart
25:27 Forging
25:22 Scale Barding Armor
31:18 Imperial Age
32:25 Iron Casting
32:10 Chain Barding Armor
31:59 Husbandry
31:34 Capped Ram
32:55 Cavalier
35:06 Two-Man Saw
34:00 Heavy Scorpion
38:09 Blast Furnace
37:45 Plate Barding Armor
39:08 Savar
42:36 Chemistry
41:57 Ballistics
43:02 Conscription
joshua.reynolds
4:45 Loom
7:33 Feudal Age
8:03 Horse Collar
12:12 Castle Age
10:57 Arson
12:10 Loom
13:30 Double-Bit Axe
15:22 Stone Mining
15:53 Bow Saw
16:01 Gold Mining
18:10 Pikeman
24:07 Imperial Age
22:57 Wheelbarrow
23:58 Fletching
24:09 Scale Mail Armor
24:36 Onager
26:05 Bodkin Arrow
27:19 Bracer
28:27 Chain Mail Armor
28:34 Forging
28:32 Halberdier
31:18 Gambesons
31:40 Squires
33:07 Heavy Plow
35:14 Plate Mail Armor
35:21 Iron Casting
35:47 Hand Cart
35:57 Elite Varangian Guard
36:43 Hamask
37:44 Conscription
37:43 Man-at-Arms
40:30 Blast Furnace
41:16 Siege Onager
44:47 Long Swordsman
45:23 Two-Handed Swordsman
46:01 Champion
50:23 Coinage
51:46 Banking
LeeroyJenkins
10:08 Feudal Age
13:49 Castle Age
11:45 Double-Bit Axe
14:03 Loom
17:20 Bloodlines
17:12 Husbandry
18:06 Horse Collar
19:28 Scale Barding Armor
20:44 Forging
24:39 Iron Casting
24:44 Chain Barding Armor
29:00 Wheelbarrow
30:22 Heavy Plow
35:25 Bow Saw
38:41 Imperial Age
39:38 Heavy Camel Rider
50:20 Cavalier
Philosoraptor
0:30 Loom
10:35 Feudal Age
15:25 Castle Age
13:35 Stone Mining
13:57 Double-Bit Axe
20:11 Squires
19:57 Gambesons
20:28 Forging
20:18 Scale Mail Armor
22:09 Scale Barding Armor
22:40 Iron Casting
21:57 Fletching
22:29 Bow Saw
22:22 Horse Collar
22:35 Gold Mining
23:20 Stone Shaft Mining
28:42 Bloodlines
28:36 Husbandry
32:34 Imperial Age
31:15 Wheelbarrow
31:55 Chain Barding Armor
31:43 Vendel Legacy
34:31 Plate Barding Armor
35:17 Blast Furnace
34:13 Bodkin Arrow
33:47 Cavalier
35:01 Caravan
39:28 Conscription
39:41 Elite Varangian Guard
46:04 Chain Mail Armor
djcybermyth
7:18 Loom
9:09 Feudal Age
10:16 Horse Collar
13:12 Castle Age
11:28 Scale Mail Armor
11:39 Forging
14:28 Manipur Cavalry
14:36 Gold Mining
16:06 Chain Mail Armor
15:18 Man-at-Arms
19:18 Long Swordsman
20:34 Town Watch
22:13 Heavy Plow
24:48 Wheelbarrow
26:22 Squires
27:02 Iron Casting
26:17 Fletching
27:52 Scale Barding Armor
32:54 Imperial Age
30:54 Chain Barding Armor
30:30 Bodkin Arrow
31:07 Arson
32:56 Two-Handed Swordsman
34:10 Plate Mail Armor
34:41 Blast Furnace
34:06 Conscription
33:58 Champion
35:28 Heavy Scorpion
37:58 Bloodlines
38:17 Pikeman
39:44 Bracer
41:27 Halberdier
45:17 Howdah
45:32 Husbandry
Connection lost

Rejoining the realm…

Still unreachable

The connection could not be restored.

Session expired

The server has moved on; the page needs a fresh start.